 Dungeon Crawl Stone Soup version 0.19-a0-526-gbe2e51c (webtiles) character file.

88 Duffy the Chopper (level 4, 0/35 HPs)
             Began as a Demonspawn Fighter on June 7, 2016.
             Succumbed to a scorpion's poison
             ... on level 4 of the Dungeon.
             The game lasted 00:00:41 (524 turns).

Duffy the Chopper (Demonspawn Fighter)               Turns: 524, Time: 00:00:42

Health: 0/35       AC:  6    Str: 22    XL:     4   Next: 30%
Magic:  4/4        EV:  9    Int: 10    God:
Gold:   0          SH:  9    Dex: 12    Spells: 0 memorised, 3 levels left

rFire  + . .     SeeInvis .     a - +0 war axe
rCold  . . .     Gourm    .     b - +0 scale mail
rNeg   . . .     Faith    .     c - +0 shield
rPois  .         Spirit   .     (no helmet)
rElec  .         Dismiss  .     (no cloak)
rCorr  .         Reflect  .     (no gloves)
SustAt .         Harm     .     (no boots)
MR     .....                    (no amulet)
Stlth  ..........               (no ring)
                                (no ring)

@: mighty, lethally poisoned (0 -> -1), not resistant to hostile enchantments,
extremely unstealthy
A: repulsion field 1, fire resistance 1
a: no special abilities


You were on level 4 of the Dungeon.
You were not hungry.

You visited 1 branch of the dungeon, and saw 4 of its levels.


Innate Abilities, Weirdness & Mutations

You are surrounded by a mild repulsion field. (EV +2)
Your flesh is heat resistant. (rF+)


   Skills:
 - Level 3.0 Fighting
 + Level 4.2 Axes
 - Level 2.6 Armour
 - Level 2.6 Shields


You had 3 spell levels left.
You didn't know any spells.

Inventory:

Hand Weapons
 a - a +0 war axe (weapon)
Armour
 b - a +0 scale mail (worn)
 c - a +0 shield (worn)
Scrolls
 e - a scroll of remove curse {unknown}
Comestibles
 f - a bread ration
 g - a meat ration

Dungeon Overview and Level Annotations

Branches:
Dungeon (4/15)
 Temple: D:4-7

Altars:


Message History

You feel sick. The orc barely misses you.
You slash the orc!
You kill the orc!
You feel sick.
Items here: % ( ) [ a flail; 4 tomahawks; a leather armour; an orc corpse You feel sick.
You feel sick.
A jackal comes into view.
The jackal barks!
A jackal comes into view.
A jackal comes into view.
The jackal barks!
A jackal comes into view.
You feel sick.
You are too injured to fight recklessly!
You barely miss the jackal. You block the jackal's attack.
The jackal bites you.
You are too injured to fight recklessly!
You closely miss the jackal.
Your shield prevents you from hitting the jackal.
You block the jackal's attack.
The jackal bites you but does no damage.
The jackal bites you. You block the jackal's attack.
You closely miss the jackal. You barely miss the jackal.
You closely miss the jackal.
You feel sick. You block the jackal's attack.
The jackal bites you but does no damage.
The jackal barely misses you. x2; You block the jackal's attack.
The jackal barely misses you.
You slash the jackal!
You kill the jackal!
You hit the jackal.
You kill the jackal!
You closely miss the jackal. The jackal barely misses you.
The jackal bites you but does no damage. x2
The jackal closely misses you.
You barely miss the jackal.
Your shield prevents you from hitting the jackal.
You block the jackal's attack. The jackal closely misses you.
You block the jackal's attack.
You closely miss the jackal. You miss the jackal.
You feel sick.
The jackal bites you. x2; You block the jackal's attack.
The jackal bites you but does no damage.
You closely miss the jackal. You slash the jackal!
You kill the jackal!
The jackal bites you. You block the jackal's attack.
You slice the jackal!!
You kill the jackal!
You swing at nothing.
You die...

#.###.####...# #.#
#.........
#.###.####...#
#....<# #..##
#.#(### #..# #.#.#
#..#
#.#)######..#######
#.#........%.......
..########.@%...##
..# #.###### .. #.#
#.# #.. ###


There were no monsters in sight!

Action                   |  1- 3 |  4- 6 || total
-------------------------+-------+-------++-------
Melee: War axe           |    53 |    10 ||    63
  Use: Potion            |     2 |       ||     2
Armor: Scale mail        |    24 |     7 ||    31
Dodge: Dodged            |    24 |     7 ||    31
Block: Shield            |    34 |     9 ||    43

Notes
Turn   | Place    | Note
--------------------------------------------------------------
     0 | D:1      | Duffy the Demonspawn Fighter began the quest for the Orb.
     0 | D:1      | Reached XP level 1. HP: 18/18 MP: 1/1
    41 | D:2      | Reached skill level 2 in Axes
    41 | D:2      | Gained mutation: You are surrounded by a mild repulsion field. (EV +2) [demonic ancestry]
    41 | D:2      | Reached XP level 2. HP: 23/24 MP: 2/2
   319 | D:3      | Reached skill level 3 in Axes
   354 | D:3      | Reached XP level 3. HP: 20/29 MP: 3/3
   494 | D:4      | Noticed a scorpion
   503 | D:4      | Killed a scorpion
   503 | D:4      | Reached skill level 4 in Axes
   503 | D:4      | Gained mutation: Your flesh is heat resistant. (rF+) [demonic ancestry]
   503 | D:4      | Reached XP level 4. HP: 16/35 MP: 4/4
   524 | D:4      | Succumbed to a scorpion's poison

Skill      XL: |  1  2  3 |
---------------+----------+-----
Axes           | 2 3 4 |  4.2
Fighting       | |  3.0
Armour         | |  2.6
Shields        | |  2.6

Vault maps used:
D:1:      lordsloth_arrival_two_stooges, nemelex_xobeh_ov_fountains_minmay
D:2:      lemuel_crystal_altar
D:3:      johnstein_pakellas_death_squad, uniq_terence
D:4:      nicolae_gozag_seed_capital, temple_doors_e

Vanquished Creatures
  A scorpion
  3 adders
  An orc
  4 jackals
  2 kobolds
  2 rats
13 creatures vanquished.
